 Dungeon Crawl Stone Soup version 0.31.0-1-g2c135a0 (webtiles) character file.

Game seed: 6313028967241726135

18 jagoly the Trooper (level 2, 19/19 HPs)
             Began as a Gargoyle Monk on Feb 1, 2024.
             Was a Believer of Makhleb.
             Quit the game on level 2 of the Dungeon.
             The game lasted 00:04:03 (576 turns).

jagoly the Trooper (Gargoyle Monk)                   Turns: 576, Time: 00:04:04

Health: 19/19      AC: 13    Str: 14    XL:     2   Next: 70%
Magic:  2/2        EV:  4    Int: 10    God:    Makhleb [**....]
Gold:   71         SH:  0    Dex: 12    Spells: 1/1 levels left

rFire   . . .        a - +0 hand axe
rCold   . . .        d - orb {light}
rNeg    + . .        e - +0 plate armour
rPois   ∞            (no helmet)
rElec   +            (no cloak)
rCorr   .            (no gloves)
SInv    .            (no boots)
Will    .....        (no amulet) Stlth
                     (no ring)
HPRegen 0.23/turn    (no ring)
MPRegen 0.08/turn

%: no passive effects
@: glowing
A: sickness immunity, AC +2, negative energy resistance 1, electricity
resistance, torment resistance 1, petrification resistance
a: Renounce Religion, Minor Destruction


You were on level 2 of the Dungeon.
You worshipped Makhleb.
Makhleb was pleased with you.
You visited 1 branch of the dungeon, and saw 2 of its levels.

You collected 71 gold pieces.

Inventory:

Hand Weapons
 a - a +0 hand axe (weapon)
 n - a +0 spear
Missiles
 k - 12 stones (quivered)
Armour
 b - a +0 robe
 d - an orb of light (worn)
 e - a +0 plate armour (worn)
Scrolls
 j - a scroll of fear {unknown}
 o - a scroll of teleportation {unknown}
 p - a scroll of silence {unknown}
Potions
 c - a potion of ambrosia
 f - a potion of attraction {unknown}
 g - a potion of lignification {unknown}
 h - a potion of curing {unknown}
 i - a potion of brilliance {unknown}
 l - a potion of enlightenment {unknown}
 m - 3 potions of mutation {unknown}


   Skills:
 + Level 3.5 Fighting
 * Level 3.1 Axes
 + Level 0.8 Armour
 + Level 2.5 Dodging
 - Level 0.1 Stealth


You had one spell level left.
You didn't know any spells.
Your spell library contained the following spells:

 Spells                   Type           Power      Damage    Failure   Level
 Anguish                  Hex/Necr       0%         N/A       100%        4
 Cause Fear               Hex            0%         N/A       100%        4
 Enfeeble                 Hex            0%         N/A       100%        7


Dungeon Overview and Level Annotations

Branches:
Dungeon (2/15) Zot: 11417

Altars:
Makhleb


Innate Abilities, Weirdness & Mutations

You are immune to sickness and miasma.
Your stone body is resilient. (AC +2)
You are immune to poison.
You resist negative energy. (rN+)
You are resistant to electric shocks. (rElec)
You are resistant to unholy torment.
You are immune to petrification.


Message History

Welcome, jagoly the Gargoyle Monk.
Will you be the one to retrieve the legendary Orb of Zot from the depths?
Press ? for a list of commands and other information.
Found a storm talisman.
Found a staircase leading out of the dungeon.
You see here a storm talisman.
Unknown command.
You open the door.
There is an open door here.
A dart slug comes into view.
The dart slug launches a dart at you. The slug dart misses you.
Found 9 gold pieces.
You hit the dart slug but do no damage.
The dart slug briefly extends its eye-stalks.
The dart slug closely misses you.
You hit the dart slug.
The dart slug is lightly wounded.
The dart slug launches a dart at you. The slug dart misses you.
You hit the dart slug.
The dart slug is moderately wounded.
The dart slug bites you.
You hit the dart slug but do no damage.
The dart slug is moderately wounded.
The dart slug closely misses you.
You slash the dart slug!
You kill the dart slug!
No target in view!
No target in view!
Found a plate armour.
Found a stone staircase leading down.
You now have 9 gold pieces.
Found a dagger.
You see here a +0 plate armour.
You start removing your armour.
You continue taking off your +0 robe. x4
You finish taking off your +0 robe.
You start putting on your armour.
You continue putting on your +0 plate armour. x5
You finish putting on your +0 plate armour.
Found a sedimented clear potion.
Found 10 gold pieces.
f - a sedimented clear potion A ball python comes into view.
The ball python bites you but does no damage.
The ball python grabs you. The ball python constricts you.
A ball python is nearby!
You slash the ball python!
You kill the ball python!
No target in view!
Found 12 gold pieces.
You now have 19 gold pieces (gained 10).
You now have 31 gold pieces (gained 12).
As you open the door, it creaks loudly!
There is an open door here.
Unknown command.
Unknown command.
You open the door.
There is an open door here.
There is an open door here.
Found a bubbling green potion.
g - a bubbling green potion
Found a lumpy brown potion.
h - a lumpy brown potion
Found a crooked runed staff.
Found a scroll labelled NERUGECABUTH.
You see here a staff of air.
i - a staff of air
j - a scroll labelled NERUGECABUTH You drop a staff of air.
Found a clear potion.
i - a clear potion
Found 7 stones.
You see here 7 stones.
k - 7 stones You open the door.
Found a leather armour.
There is an open door here.
You see here a +0 leather armour.
Found a plate armour.
An endoplasm comes into view.
The endoplasm quivers.
An endoplasm is nearby!
A bat comes into view.
Found a stone staircase leading down.
The bat hits you but does no damage.
You slash the bat!
You kill the bat!
You hit the endoplasm.
You kill the endoplasm!
No target in view!
A rat comes into view.
The rat squeaks loudly.
The rat moves out of view.
A kobold comes into view. It is wielding a +0 short sword.
The kobold shouts!
A kobold is nearby!
A kobold is nearby!
The kobold hits you but does no damage.
You hit the kobold but do no damage. The kobold hits you but does no damage.
You barely miss the rat. You hit the kobold.
The rat bites you but does no damage. The kobold hits you but does no damage.
You hit the kobold.
You kill the kobold!
You hit the rat. The rat bites you but does no damage.
You have reached level 2!
You hit the rat but do no damage.
The rat is heavily wounded.
The rat bites you but does no damage. x2
You hit the rat.
You kill the rat!
There is a stone staircase leading down here.
You climb downwards.
The rat squeaks loudly.
There is a stone staircase leading up here.
You barely miss the rat. The rat bites you but does no damage.
You barely miss the rat.
The rat twitches its whiskers.
The rat bites you.
There is a stone staircase leading up here.
You hit the rat.
You kill the rat!
No target in view!
You climb upwards.
There is a stone staircase leading down here. 2 ball pythons come into view.
The ball python hisses angrily. x2
You hit the ball python.
The ball python is severely wounded.
The ball python bites you but does no damage.
The ball python grabs you. The ball python constricts you.
You hit the ball python.
You kill the ball python!
You hit the ball python.
The ball python bites you but does no damage.
The ball python barely misses you.
The ball python bites you but does no damage.
The ball python grabs you. The ball python constricts you.
You hit the ball python.
You kill the ball python!
Your Axes skill increases to level 3!
No target in view!
Found a robe.
Found a yellow potion.
Found 5 stones.
l - a yellow potion
Found a black potion.
k - 12 stones (gained 5)
A frilled lizard comes into view.
The frilled lizard hisses angrily.
The frilled lizard moves out of view.
You hit the frilled lizard but do no damage.
The frilled lizard bites you but does no damage.
You slash the frilled lizard!
You kill the frilled lizard!
m - a black potion You open the door.
There is an open door here.
Found 8 gold pieces.
There is a stone staircase leading down here.
You now have 39 gold pieces (gained 8).
There is a stone staircase leading down here.
You climb downwards.
There is a stone staircase leading up here.
A goblin comes into view. It is wielding a +0 dagger.
The goblin shouts!
A goblin is nearby!
A goblin is nearby!
The goblin hits you but does no damage.
You hit the goblin.
The goblin is severely wounded.
The goblin hits you but does no damage.
You closely miss the goblin.
The goblin is severely wounded.
The goblin hits you but does no damage.
You hit the goblin.
You kill the goblin!
You see here a +0 dagger.
Found a spear.
A bat comes into view.
A bat is nearby!
Found 5 large rocks.
A ball python comes into view.
Found 14 gold pieces and 2 black potions.
The bat hits you but does no damage.
Found a scroll labelled VAILI BUMIHONT.
The bat hits you. The bat hits you but does no damage.
You hit the bat but do no damage. The bat barely misses you.
The bat hits you but does no damage.
You barely miss the bat. The bat hits you but does no damage.
You hit the ball python but do no damage.
The ball python bites you but does no damage.
The ball python grabs you. The ball python constricts you.
The bat hits you but does no damage.
The ball python bites you but does no damage.
The ball python constricts you.
You hit the ball python.
You kill the ball python!
The bat hits you but does no damage. The bat hits you but does no damage.
You closely miss the bat. The bat barely misses you. x2
The bat hits you but does no damage. The bat hits you but does no damage.
You hit the bat.
You kill the bat!
You see here a +0 spear.
n - a +0 spear You now have 53 gold pieces (gained 14).
m - 3 black potions (gained 2)
Found 8 gold pieces.
A giant cockroach comes into view.
A giant cockroach is nearby!
The giant cockroach bites you but does no damage.
You see here 8 gold pieces.
You hit the giant cockroach but do no damage.
The giant cockroach bites you but does no damage.
You slash the giant cockroach!
You kill the giant cockroach!
No target in view!
You now have 61 gold pieces (gained 8).
o - a scroll labelled VAILI BUMIHONT;
p - a scroll labelled KEXAIT ESEAR A giant cockroach comes into view.
A giant cockroach is nearby!
You hit the giant cockroach.
The giant cockroach is severely wounded.
The giant cockroach bites you but does no damage.
You hit the giant cockroach but do no damage.
The giant cockroach is severely wounded.
The giant cockroach bites you but does no damage.
You completely miss the giant cockroach.
The giant cockroach is severely wounded.
The giant cockroach bites you but does no damage.
The giant cockroach barely misses you.
You barely miss the giant cockroach.
The giant cockroach is severely wounded.
The giant cockroach bites you but does no damage.
You barely miss the giant cockroach.
The giant cockroach is severely wounded.
The giant cockroach bites you but does no damage.
You barely miss the giant cockroach.
The giant cockroach is severely wounded.
The giant cockroach barely misses you. x2
You hit the giant cockroach.
You kill the giant cockroach!
You open the door.
There is an open door here.
Found a book of Hexes.
Found 10 gold pieces.
You pick up a book of Hexes and begin reading...
You add the spells Anguish, Cause Fear and Enfeeble to your library.
A giant cockroach comes into view.
You now have 71 gold pieces (gained 10).
You hit the giant cockroach.
The giant cockroach is heavily wounded.
The giant cockroach bites you but does no damage.
You hit the giant cockroach.
You kill the giant cockroach!
Found a flux talisman.
You open the door.
There is an open door here.
You open the door.
Found a faded altar of an unknown god.
There is an open door here.
There is a faded altar of an unknown god here.
This altar belongs to (a) Makhleb, (b) Jiyva or (c) Ru, but you can't tell which.
Press the corresponding letter to learn more about a god, or press enter to convert or escape to cancel.
Makhleb accepts your prayer! Makhleb welcomes you!
You can now gain health from killing.
You can now harness Makhleb's destructive might.
Okay, then.
Okay, then.
Are you sure you want to abandon this character and quit the game? (Confirm with "yes".)

#.............#
#.............#
#.............#
#........#....#
#.#########.###
#. #.### #...+
####...++++ .
#.......''@+ #
#.......++++
#.......+
#........
...........
.......%...
.......##.
...... ..


There were no monsters in sight!

Vanquished Creatures
  A dart slug (D:1)
  4 ball pythons
  An endoplasm (D:1)
  3 giant cockroaches (D:2)
  A goblin (D:2)
  A kobold (D:1)
  2 bats
  A frilled lizard (D:1)
  2 rats
16 creatures vanquished.

Notes
Turn   | Place    | Note
-------+----------+-------------------------------------------
     0 | D:1      | jagoly the Gargoyle Monk began the quest for the Orb.
     0 | D:1      | Reached XP level 1. HP: 14/14 MP: 1/1
   283 | D:1      | Reached XP level 2. HP: 19/19 MP: 2/2
   572 | D:2      | Found a faded altar of an unknown god.
   575 | D:2      | Prayed at the altar of an unknown god.
   575 | D:2      | Became a worshipper of Makhleb the Destroyer
   575 | D:2      | Reached * piety under Makhleb
   575 | D:2      | Reached ** piety under Makhleb
   576 | D:2      | Quit the game

Illustrated notes

Levels and vault maps discovered:
D:1:      ncdulo_lavacross, layout_basic, serial_bayou_pond_c,
          kennysheep_flooded_box, chequers_serial_rivers_micro_e
D:2:      layout_basic, hellmonk_ecumenical_altar_heavens_door

Skill      XL: |  1  2 |
---------------+-------+-----
Axes           | 3 |  3.1
Fighting       | |  3.5
Armour         | |  0.8
Dodging        | |  2.5
Stealth        | |  0.1

Action                     || total
---------------------------++-------
  Melee: Hand axe          ||    41
 Armour: Plate armour      ||    38
         Robe              ||     1
  Dodge: Dodged            ||    11
